 Dungeon Sprint DCSS version 0.18-a0-1639-g7533f42 (webtiles) character file.

27064 Zhokez the Ruinous (level 13, -3/71 HPs)
             Began as an Octopode Air Elementalist on Mar 27, 2016.
             Was the Champion of Vehumet.
             Slain by a ghost moth (10 damage)
             ... in the Dungeon (Sprint IX: "|||||||||||||||||||||||||||||").
             The game lasted 00:40:23 (1503 turns).

Zhokez the Ruinous (Octopode Air Elementalist)      Turns: 1503, Time: 00:40:24

Health: -3/71      AC:  1    Str: 13      XL:     13   Next: 30%
Magic:  0/31       EV: 14    Int: 24 (25) God:    Vehumet [******]
Gold:   69         SH:  0    Dex: 13      Spells: 9 memorised, 10 levels left

rFire  + + .     SeeInvis +     a - +1 morningstar "Demonslayer" {speed, rElec rC+ Str+3}
rCold  + . .     Gourm    .     (no shield)
rNeg   . . .     Faith    .     (helmet restricted)
rPois  .         Spirit   .     (no amulet)
rElec  +         Dismiss  .     r - +2 ring of evasion
rCorr  .         Reflect  .     s - +3 ring of intelligence
SustAt .         Harm     .     y - ring of see invisible
MR     +....     NoTele   +     B - ring "Xytod" {Wiz Str+3}
Stlth  +++.......               C - ring of protection from fire
                                D - ring of wizardry
                                G - ring of protection from fire
                                H - ring of protection from magic

@: repel missiles, somewhat resistant to hostile enchantments, fairly stealthy
A: almost no armour, amphibious, 8 rings, constrict 8, camouflage 1, gelatinous
body 1
a: Renounce Religion


You were in the Dungeon.
You worshipped Vehumet.
Vehumet was exalted by your worship.
You were not hungry.

You visited 1 branch You collected 1900 gold pieces.
You spent 1831 gold pieces at shops.

Inventory:

Hand Weapons
 a - the +1 morningstar "Demonslayer" (weapon) {speed, rElec rC+ Str+3}
   (You found it in the Dungeon)

   Attacks with this weapon are significantly faster.
   It affects your strength (+3).
   It protects you from cold.
   It insulates you from electricity.
 j - a +0 dagger
 I - a +2 dire flail of protection
 L - a +1 scimitar of flaming
Armour
 q - a +0 helmet
 v - a +0 shield
Magical Staves
 b - an uncursed staff of energy
Jewellery
 r - a +2 ring of evasion (left tentacle)
 s - a +3 ring of intelligence (right tentacle)
 y - a ring of see invisible (on tentacle)
 B - the ring "Xytod" (on tentacle) {Wiz Str+3}
   (You bought it in a shop in the Dungeon)

   [ring of wizardry]

   It improves your spell success rate.
   It affects your strength (+3).
 C - a ring of protection from fire (on tentacle)
 D - a ring of wizardry (on tentacle)
 G - a ring of protection from fire (on tentacle)
 H - a ring of protection from magic (on tentacle)
 J - an uncursed ring of ice
Wands
 n - a wand of iceblast (0/15)
Scrolls
 k - a scroll of blinking
 l - 7 scrolls of remove curse
 m - 2 scrolls of amnesia
 t - 3 scrolls of identify
 u - 2 scrolls of enchant weapon
 x - 2 scrolls of recharging
 K - 6 scrolls of enchant armour
Potions
 c - 7 potions of curing
 d - 10 potions of heal wounds
 e - a potion of haste
 f - 3 potions of magic
 g - 3 potions of berserk rage
 h - a potion of resistance
 i - a potion of cure mutation
 F - a potion of lignification
Books
 p - a book of Air

   Spells                             Type                      Level
   a - Shock                          Conjuration/Air              1
   b - Swiftness                      Charms/Air                   2
   c - Repel Missiles                 Charms/Air                   2
   d - Static Discharge               Conjuration/Air              3
   e - Lightning Bolt                 Conjuration/Air              5
 w - a Necronomicon

   Spells                             Type                      Level
   a - Haunt                          Necromancy/Summoning         7
   b - Borgnjor's Revivification      Necromancy                   8
   c - Death's Door                   Charms/Necromancy            8
   d - Necromutation                  Transmutation/Necromancy     8
 E - a book of Clouds

   Spells                             Type                      Level
   a - Mephitic Cloud                 Conjuration/Poison/Air       3
   b - Conjure Flame                  Conjuration/Fire             3
   c - Poisonous Cloud                Conjuration/Poison/Air       6
   d - Freezing Cloud                 Conjuration/Ice/Air          6
   e - Ring of Flames                 Charms/Fire                  7
Comestibles
 o - 12 bread rations
 z - 40 fruits
 A - 12 meat rations


   Skills:
 - Level 2.0 Dodging
 - Level 2.6 Stealth
 + Level 14.9 Spellcasting
 * Level 21.6 Conjurations
 + Level 18.5 Air Magic


You had 10 spell levels left.
You knew the following spells:

 Your Spells              Type           Power        Failure   Level  Hunger
a - Shock                 Conj/Air       ####         0%          1    None
b - Repel Missiles        Chrm/Air       ######       1%          2    None
c - Swiftness             Chrm/Air       ######..     1%          2    None
d - Lightning Bolt        Conj/Air       #######...   1%          5    ##.....
e - Static Discharge      Conj/Air       #######.     0%          3    None
f - Mephitic Cloud        Conj/Pois/Air  ######..     1%          3    None
g - Inner Flame           Hex/Fire       ###.....     1%          3    None
h - Freezing Cloud        Conj/Ice/Air   ######....   1%          6    ####...
i - Conjure Ball Lightni  Conj/Air       #######...   1%          6    ####...


Dungeon Overview and Level Annotations

Branches:
Dungeon (1/1)

Altars:
Cheibriados
Dithmenos
Elyvilon
Fedhas
Gozag
Kikubaaqudgha
Makhleb
Nemelex Xobeh
Okawaru
Pakellas
Qazlal
Ru
Sif Muna
Trog
Vehumet
Xom
Yredelemnul
Zin
The Shining One
Beogh
Jiyva
Lugonu

Shops:
D =*(:


Innate Abilities, Weirdness & Mutations

You cannot wear most types of armour.
You are amphibious.
You can wear up to eight rings at the same time.
You can use your tentacles to constrict eight enemies at once.
Your skin changes colour to match your surroundings (Stealth).
Your rubbery body absorbs attacks (AC +1).


Message History

The mass of ice explodes!
The iceblast engulfs the ghost moth.
The ghost moth partially resists.
The ghost moth is moderately wounded.
This wand has 0 charges left.
The ghost moth is engulfed in freezing vapours.
The ghost moth stares at you.
You hit the ghost moth.
The ghost moth is moderately wounded.
The ghost moth is engulfed in freezing vapours.
The ghost moth stares at you. The ghost moth hits you!
* * * LOW HITPOINT WARNING * * *
You feel dopey. The ghost moth hits you.
* * * LOW HITPOINT WARNING * * *
The ghost moth closely misses you.
The ghost moth is engulfed in freezing vapours.
The ghost moth stares at you.
The ghost moth barely misses you. x2; The ghost moth stings you!
You die...

).))'.....[))).))['.............▓
▓▓▓▓▓▓▓▓▓▓▓▓▓▓▓▓▓▓▓▓▓▓▓▓▓▓▓▓▓▓▓▓▓
................................▓
▓▓▓▓▓▓▓▓▓▓▓▓▓▓▓▓▓▓▓▓▓▓▓▓▓▓▓▓▓▓▓.▓
[[[[[[[[.))).)))).=...'.........▓
▓▓▓▓▓▓▓▓▓▓▓▓▓▓▓▓▓▓▓▓▓▓▓▓▓▓▓▓▓▓▓▓▓
..........).....................▓
▓▓▓▓▓▓▓▓▓▓▓▓▓▓▓▓▓▓▓▓▓▓▓▓▓▓▓▓▓▓▓.▓
...§§§y@...............▓
▓▓▓▓▓▓▓▓▓▓▓▓▓▓▓▓▓▓▓▓▓▓▓▓


You could see a ghost moth (invisible).

Vanquished Creatures
  Wiglaf (D)
  A ghost moth (D)
  An emperor scorpion (D)
  Azrael (D)
  Josephine (D)
  An entropy weaver (D)
  A great orb of eyes (D)
  2 hydras (D)
  2 ogre magi (D)
  Erolcha (D)
  A deep troll earth mage (D)
  A death yak (D)
  A tengu warrior (D)
  5 deep trolls (D)
  A necromancer (D)
  4 hill giants (D)
  An orb spider (D)
  An orc knight (D)
  A cyclops (D)
  2 manticores (D)
  Joseph (D)
  3 black mambas (D)
  6 trolls (D)
  3 polar bears (D)
  5 tarantellas (D)
  A spriggan (shapeshifter) (D)
  4 wraiths (D)
  A fire elemental (D)
  2 hippogriffs (D)
  3 hell hounds (D)
  2 water moccasins (D)
  2 porcupines (D)
  An ice beast (D)
  13 orc warriors (D)
  5 black bears (D)
  An ogre (D)
  4 crocodiles (D)
  2 giant frogs (D)
  2 crimson imps (D)
  3 hounds (D)
  4 orc priests (D)
  2 orc wizards (D)
  A worker ant (D)
  An adder (D)
  An adder zombie (D)
  A giant gecko (D)
  8 orcs (D)
  A giant cockroach (D)
  A quokka (D)
  2 ball python skeletons (D)
  A bat simulacrum (D)
  3 goblins (D)
120 creatures vanquished.

Vanquished Creatures (others)
  6 ball lightnings (D)
  A cyclops (D)
  A giant frog (D)
8 creatures vanquished.

Grand Total: 128 creatures vanquished

Notes
Turn   | Place    | Note
--------------------------------------------------------------
     0 | D        | Zhokez the Octopode Air Elementalist began the quest for the Orb.
     0 | D        | Reached XP level 1. HP: 11/11 MP: 3/3
    64 | D        | Reached XP level 2. HP: 17/17 MP: 6/6
    80 | D        | Found a glowing silver altar of Zin.
    80 | D        | Found a glowing golden altar of the Shining One.
    80 | D        | Found an ancient bone altar of Kikubaaqudgha.
    80 | D        | Found a basalt altar of Yredelemnul.
    80 | D        | Found a shimmering altar of Xom.
    80 | D        | Found a radiant altar of Vehumet.
    81 | D        | Found an iron altar of Okawaru.
    82 | D        | Found a burning altar of Makhleb.
    83 | D        | Found a deep blue altar of Sif Muna.
    84 | D        | Found a bloodstained altar of Trog.
    85 | D        | Found a sparkling altar of Nemelex Xobeh.
    86 | D        | Found a white marble altar of Elyvilon.
    87 | D        | Found a roughly hewn altar of Beogh.
    88 | D        | Became a worshipper of Vehumet
    89 | D        | Found a viscous altar of Jiyva.
    90 | D        | Found a corrupted altar of Lugonu.
    91 | D        | Found a blossoming altar of Fedhas.
    92 | D        | Found a snail-covered altar of Cheibriados.
    93 | D        | Found a shadowy altar of Dithmenos.
    94 | D        | Found a stormy altar of Qazlal.
    95 | D        | Found an opulent altar of Gozag.
    96 | D        | Found a sacrificial altar of Ru.
    97 | D        | Found an oddly glowing altar of Pakellas.
   130 | D        | Learned a level 2 spell: Repel Missiles
   133 | D        | Learned a level 2 spell: Swiftness
   157 | D        | Reached skill level 5 in Spellcasting
   157 | D        | Reached * piety under Vehumet
   157 | D        | Offered knowledge of Sandblast by Vehumet.
   157 | D        | Reached XP level 3. HP: 19/21 MP: 5/10
   163 | D        | Reached XP level 4. HP: 19/27 MP: 1/13
   166 | D        | Reached ** piety under Vehumet
   166 | D        | Reached XP level 5. HP: 21/31 MP: 1/16
   173 | D        | Learned a level 5 spell: Lightning Bolt
   177 | D        | Learned a level 3 spell: Static Discharge
   263 | D        | Noticed a manticore
   263 | D        | Noticed an ogre
   263 | D        | Noticed a troll
   263 | D        | Noticed a spriggan
   268 | D        | Killed a spriggan
   268 | D        | Offered knowledge of Throw Frost by Vehumet.
   268 | D        | Reached XP level 6. HP: 13/36 MP: 4/20
   273 | D        | Reached skill level 3 in Conjurations
   275 | D        | Reached skill level 6 in Conjurations
   277 | D        | HP: 1/36 [troll (13)]
   283 | D        | Killed a troll
   283 | D        | Reached *** piety under Vehumet
   283 | D        | Reached skill level 9 in Conjurations
   283 | D        | Reached XP level 7. HP: 33/41 MP: 16/21
   285 | D        | Killed a manticore
   285 | D        | Reached skill level 12 in Conjurations
   285 | D        | Reached XP level 8. HP: 37/46 MP: 12/23
   414 | D        | Noticed a black mamba
   414 | D        | Noticed a black mamba
   417 | D        | Reached **** piety under Vehumet
   417 | D        | Killed a black mamba
   418 | D        | Reached skill level 13 in Conjurations
   418 | D        | Reached XP level 9. HP: 49/51 MP: 10/24
   419 | D        | Killed a black mamba
   419 | D        | Reached ***** piety under Vehumet
   453 | D        | Noticed a death yak
   453 | D        | Noticed a four-headed hydra
   453 | D        | Noticed a black mamba
   453 | D        | Noticed a seven-headed hydra
   455 | D        | Killed a seven-headed hydra
   455 | D        | Offered knowledge of Stone Arrow by Vehumet.
   455 | D        | Reached skill level 14 in Conjurations
   456 | D        | Killed a four-headed hydra
   456 | D        | Reached XP level 10. HP: 56/56 MP: 16/25
   457 | D        | Killed a black mamba
   457 | D        | Reached skill level 15 in Conjurations
   459 | D        | Killed a death yak
   460 | D        | Reached ****** piety under Vehumet
   518 | D        | Reached skill level 16 in Conjurations
   589 | D        | Noticed Joseph
   591 | D        | Killed Joseph
   644 | D        | Offered knowledge of Mephitic Cloud by Vehumet.
   644 | D        | Reached XP level 11. HP: 61/61 MP: 23/26
   682 | D        | Learned a level 3 spell: Mephitic Cloud
   705 | D        | Noticed an orc knight
   707 | D        | Offered knowledge of Inner Flame by Vehumet.
   709 | D        | Reached skill level 15 in Air Magic
   711 | D        | Killed an orc knight
   711 | D        | Reached skill level 17 in Conjurations
   748 | D        | Learned a level 3 spell: Inner Flame
   794 | D        | Found Oqikupe's Book Boutique.
   794 | D        | Noticed a hill giant
   794 | D        | Noticed a hill giant
   794 | D        | Noticed a deep troll
   794 | D        | Noticed a deep troll
   796 | D        | Noticed a hill giant
   799 | D        | Killed a deep troll
   799 | D        | Offered knowledge of Delayed Fireball by Vehumet.
   799 | D        | Killed a hill giant
   799 | D        | Killed a hill giant
   799 | D        | Killed a deep troll
   799 | D        | Reached skill level 18 in Conjurations
   801 | D        | Noticed a deep troll
   801 | D        | Killed a hill giant
   803 | D        | Noticed a deep troll
   805 | D        | Noticed a deep troll
   813 | D        | Noticed a hill giant
   815 | D        | Killed a deep troll
   817 | D        | Killed a deep troll
   820 | D        | Killed a deep troll
   835 | D        | Killed a hill giant
   835 | D        | Reached skill level 19 in Conjurations
   835 | D        | Reached XP level 12. HP: 15/66 MP: 8/28
   866 | D        | Found Usas's Weapon Shop.
   872 | D        | Found Nyom's General Store.
   876 | D        | Found Yfipaxt's Jewellery Shop.
   924 | D        | Bought an uncursed ring of see invisible for 165 gold pieces
   924 | D        | Bought the ring "Xytod" {Wiz Str+3} for 476 gold pieces
   924 | D        | Bought an uncursed ring of protection from fire for 275 gold pieces
   924 | D        | Bought an uncursed ring of wizardry for 330 gold pieces
   934 | D        | Bought a book of Clouds for 585 gold pieces
   941 | D        | Learned a level 6 spell: Freezing Cloud
   984 | D        | Noticed Erolcha
   987 | D        | Killed Erolcha
   987 | D        | Offered knowledge of Airstrike by Vehumet.
  1013 | D        | Noticed Josephine
  1018 | D        | Killed Josephine
  1133 | D        | Got the cursed +1 morningstar "Demonslayer" {speed, rElec rC+ Str+3}
  1171 | D        | Offered knowledge of Ozocubu's Refrigeration by Vehumet.
  1183 | D        | Noticed a tengu warrior
  1185 | D        | Killed a tengu warrior
  1185 | D        | Reached skill level 20 in Conjurations
  1188 | D        | Noticed a great orb of eyes
  1192 | D        | Killed a great orb of eyes
  1192 | D        | Killed an ogre mage
  1193 | D        | Killed an entropy weaver
  1204 | D        | Noticed a deep troll earth mage
  1207 | D        | Noticed an ogre mage
  1207 | D        | Killed a deep troll earth mage
  1208 | D        | Killed an ogre mage
  1284 | D        | Noticed Azrael
  1286 | D        | Killed Azrael
  1390 | D        | Noticed Wiglaf
  1392 | D        | Offered knowledge of Conjure Ball Lightning by Vehumet.
  1396 | D        | Killed Wiglaf
  1396 | D        | Reached skill level 21 in Conjurations
  1396 | D        | Reached XP level 13. HP: 46/71 MP: 5/31
  1404 | D        | Learned a level 6 spell: Conjure Ball Lightning
  1484 | D        | Noticed a ghost moth
  1484 | D        | Noticed an emperor scorpion
  1489 | D        | Offered knowledge of Iron Shot by Vehumet.
  1492 | D        | Killed an emperor scorpion
  1495 | D        | Killed a ghost moth
  1497 | D        | Noticed a ghost moth
  1503 | D        | Slain by a ghost moth

Vault maps used:
D:        linesprint

Skill      XL: |  1  2  3  4  5  6  7  8  9 10 11 12 |
---------------+-------------------------------------+-----
Spellcasting   | 3 5 7 8 11 12 14 | 14.9
Conjurations   | 9 12 13 14 16 19 21 | 21.6
Air Magic      | 7 12 14 16 18 | 18.5
Dodging        | |  2.0
Stealth        | |  2.6

Action                   |  1- 3 |  4- 6 |  7- 9 | 10-12 | 13-15 || total
-------------------------+-------+-------+-------+-------+-------++-------
Melee: Unarmed           |     3 |       |       |       |       ||     3
       Dagger            |     6 |       |       |       |       ||     6
       Dire flail        |     1 |     3 |     2 |    10 |       ||    16
       Morningstar       |       |       |       |       |     1 ||     1
 Cast: Shock             |    14 |     6 |     1 |     1 |       ||    22
       Repel Missiles    |     1 |       |       |     1 |       ||     2
       Static Discharge  |       |     4 |       |       |       ||     4
       Lightning Bolt    |       |       |     9 |    65 |     3 ||    77
       Inner Flame       |       |       |       |     4 |       ||     4
       Mephitic Cloud    |       |       |       |     4 |       ||     4
       Freezing Cloud    |       |       |       |     6 |     1 ||     7
       Conjure Ball Ligh |       |       |       |       |     3 ||     3
Evoke: Wand              |       |     3 |     1 |     1 |     2 ||     7
       Staff of energy   |       |       |     6 |    60 |     9 ||    75
  Use: Potion            |     1 |     2 |       |       |       ||     3
       Scroll            |       |     2 |       |     2 |       ||     4
 Stab: Sleeping          |     3 |       |       |       |       ||     3
       Confused          |       |       |       |     2 |       ||     2
  Eat: Chunk             |       |       |       |    10 |       ||    10
       Bread ration      |       |       |       |       |     1 ||     1
